 Dungeon Crawl Stone Soup version 0.28.0 (webtiles) character file.

Game seed: 2783148755280086865

7 Ayyar the Skirmisher (level 2, -1/24 HPs)
             Began as a Formicid Abyssal Knight on Apr 14, 2022.
             Was an Initiate of Lugonu.
             Slain by a quokka (2 damage)
             ... on level 1 of the Dungeon.
             The game lasted 00:01:19 (150 turns).

Ayyar the Skirmisher (Formicid Abyssal Knight)       Turns: 150, Time: 00:01:20

Health: -1/24      AC:  6    Str: 17    XL:     2   Next: 10%
Magic:  3/3        EV:  9    Int:  9    God:    Lugonu [......]
Gold:   0          SH:  0    Dex: 11    Spells: 1/1 levels left

rFire   . . .      SeeInvis +   a - +1 spear
rCold   . . .      Faith    .   (no shield)
rNeg    . . .      Spirit   .   c - +0 scale mail
rPois   .          Reflect  .   (helmet unavailable)
rElec   .          Harm     .   (no cloak)
rCorr   .          Rampage  .   (no gloves)
Will    .....                   (no boots)
Stlth   ..........              (no amulet)
HPRegen 0.08/turn               (no ring)
MPRegen 0.08/turn               (no ring)

@: no status effects
A: permanent stasis, dig shafts and tunnels, antennae 3, four strong arms
a: Dig, Shaft Self, Renounce Religion


You were on level 1 of the Dungeon.
You worshipped Lugonu.
Lugonu was noncommittal.
You visited 1 branch of the dungeon, and saw 1 of its levels.
You visited the Abyss 1 time.

Inventory:

Hand Weapons
 a - a +1 spear (weapon)
Armour
 c - a +0 scale mail (worn)


   Skills:
 + Level 3.4 Fighting
 + Level 2.1 Polearms
 + Level 2.3 Armour
 + Level 1.1 Dodging
 + Level 2.4 Invocations


You had one spell level left.
You didn't know any spells.
Your spell library was empty.

Dungeon Overview and Level Annotations

Branches:
Dungeon (1/15)

Altars:


Innate Abilities, Weirdness & Mutations

You cannot be hasted, slowed, berserked, paralysed or teleported.
You can dig through walls and to a lower floor.
You have a pair of large antennae on your head. (SInv)
Your four strong arms can wield two-handed weapons with a shield.


Message History

You are too injured to fight recklessly!
You hit the frilled lizard but do no damage.
The bat closely misses you. The quokka misses you.
The frilled lizard bites you but does no damage.
You hit the frilled lizard.
You kill the frilled lizard!
Lugonu accepts your kill. The bat hits you but does no damage.
The quokka bites you.
* * * LOW HITPOINT WARNING * * *
The quokka splashes around in the water.
The bat hits you but does no damage.
Items here: )) ††††.
You barely miss the quokka. Your punch misses the quokka.
The bat barely misses you.
The quokka splashes around in the water.
The bat barely misses you. The quokka bites you.
* * * LOW HITPOINT WARNING * * *
The bat hits you but does no damage. The quokka bites you.
* * * LOW HITPOINT WARNING * * *
The bat hits you but does no damage.
You closely miss the quokka. The bat barely misses you.
The quokka bites you but does no damage.
You hit the quokka but do no damage. The bat barely misses you.
The quokka bites you but does no damage.
You closely miss the quokka. The bat closely misses you.
The quokka closely misses you. The quokka barely misses you.
You miss the quokka. The bat barely misses you.
The quokka bites you but does no damage.
You barely miss the quokka. The bat hits you but does no damage.
The quokka bites you.
* * * LOW HITPOINT WARNING * * *
You hit the quokka.
The quokka is almost dead.
The bat hits you but does no damage. The quokka bites you.
* * * LOW HITPOINT WARNING * * *
The bat hits you but does no damage.
You barely miss the quokka.
The quokka is almost dead.
The bat closely misses you. The quokka bites you.
You die...

#..... .. .#
###.#..##.##.##
...............
≈≈≈≈≈..≈≈≈≈≈≈
.8....8..
######''######
#≈≈≈≈†..≈≈≈≈≈#
#≈br.)......≈#
#≈@########.≈#
#≈.......)..≈#
#≈≈≈≈≈..≈≈≈≈≈#
######''######
#.........§..#
#≈≈≈≈≈..≈≈§≈≈#
#≈≈≈≈≈[.≈≈≈§≈#
#............#
######''######


You could see a quokka and a bat.

Vanquished Creatures
  A goblin (D:1)
  2 hobgoblins (D:1)
  A kobold (D:1)
  A ball python (D:1)
  A bat (D:1)
  A frilled lizard (D:1)
7 creatures vanquished.

Notes
Turn   | Place    | Note
-------+----------+-------------------------------------------
     0 | Abyss:1  | Ayyar the Formicid Abyssal Knight began the quest for the
                  | Orb.
     0 | Abyss:1  | Reached XP level 1. HP: 18/18 MP: 2/2
    65 | Abyss:1  | Noticed a starcursed mass
    65 | Abyss:1  | Noticed a large abomination
    66 | Abyss:1  | Noticed a raiju
    67 | D:1      | Escaped the Abyss
   125 | D:1      | Reached skill level 1 in Dodging
   134 | D:1      | Reached XP level 2. HP: 12/24 MP: 3/3
   149 | D:1      | HP: 1/24 [quokka (1)]
   150 | D:1      | Slain by a quokka

Illustrated notes

Levels and vault maps discovered:
D:1:      lightli_arrival_isolated_outpost, layout_basic

Skill      XL: |  1 |
---------------+----+-----
Dodging        | 1 |  1.1
Fighting       | |  3.4
Polearms       | |  2.1
Armour         | |  2.3
Invocations    | |  2.4

Action                   || total
-------------------------++-------
Melee: Spear             ||    33
Invok: Depart the Abyss  ||     1
Armor: Scale mail        ||    36
Dodge: Dodged            ||    37
